 Dungeon Crawl Stone Soup version 0.31-a0-879-g1609e0ac53 (webtiles) character file.

Game seed: 15432317464698568817

63 CowFu the Trooper (level 3, -5/33 HPs)
             Began as a Draconian Monk on Oct 15, 2023.
             Killed from afar by an orc wizard (7 damage)
             ... with a magic dart
             ... on level 3 of the Dungeon.
             The game lasted 00:01:48 (1673 turns).

CowFu the Trooper (Draconian Monk)                  Turns: 1673, Time: 00:01:48

Health: -5/33      AC:  5    Str: 15    XL:     3   Next: 87%
Magic:  3/3        EV:  8    Int: 10    God:
Gold:   52         SH: 11    Dex: 13    Spells: 2/2 levels left

rFire   . . .        a - +0 spear
rCold   . . .        e - +0 tower shield
rNeg    . . .        (body armour unavailable)
rPois   +            (helmet restricted)
rElec   .            (no cloak)
rCorr   .            (no gloves)
SInv    .            (no boots)
Will    .....        (no amulet)
Stlth   +            n - ring of poison resistance
HPRegen 0.25/turn    (no ring)
MPRegen 0.08/turn

%: no passive effects
@: no status effects
A: AC +5, unfitting armour, cold-blooded
a: no special abilities


You were on level 3 of the Dungeon.
You visited 1 branch of the dungeon, and saw 3 of its levels.

You collected 52 gold pieces.

Inventory:

Hand Weapons
 a - a +0 spear (weapon)
Armour
 c - an orb of light
 e - a +0 tower shield (worn)
Jewellery
 n - a ring of poison resistance (left hand)
Scrolls
 d - a scroll of poison {unknown}
 f - 6 scrolls of fog {unknown}
 g - 2 scrolls of amnesia {unknown}
 h - a scroll of revelation {unknown}
 i - 3 scrolls of identify {unknown}
 j - a scroll of enchant armour {unknown}
 k - a scroll of enchant weapon {unknown}
 l - a scroll of butterflies {unknown}
 m - a scroll of vulnerability {unknown}
 o - a scroll of noise {unknown}
Potions
 b - a potion of ambrosia
 p - 2 potions of mutation {unknown}
 q - a potion of magic {unknown}
 r - a potion of degeneration {unknown}
 s - a potion of might {unknown}


   Skills:
 + Level 3.7 Fighting
 + Level 3.7 Polearms
 + Level 3.1 Dodging
 + Level 1.4 Shields


You had 2 spell levels left.
You didn't know any spells.
Your spell library contained the following spells:

 Spells                   Type           Power      Damage    Failure   Level
 Shock                    Conj/Air       0%         1d3       99%         1
 Swiftness                Air            0%         N/A       100%        3
 Airstrike                Air            0%         2d(0-16)  100%        4


Dungeon Overview and Level Annotations

Branches:
Dungeon (3/15)

Altars:

Shops:
D:1 :

Annotations:
D:3 1 transporter


Innate Abilities, Weirdness & Mutations

Your plain brown scales are hard. (AC +5)
You cannot fit into any form of body armour.
You are cold-blooded and may be slowed by cold attacks.


Message History

Something you can't see is in the way.
You barely miss something.
The orc priest shouts!
Something hits you.
You reach to attack!
You hit the orc.
The orc is almost dead.
Something hits you. Something you can't see is in the way.
You hit something but do no damage.
A quokka comes into view.
Something hits you.
You hear some strange, mumbled words.
You are confused.
The orc priest invokes the aid of Beogh against you.
Beogh smites you!
The quokka moves out of view.
You are too injured to fight recklessly!
You are too injured to fight recklessly!
You are too injured to fight recklessly!
You are too injured to fight recklessly!
You are too injured to fight recklessly!
You are too injured to fight recklessly!
You are too injured to fight recklessly!
You are too injured to fight recklessly!
You are too injured to fight recklessly!
You bump into the rock wall.
Something hits you but does no damage.
The orc priest miscasts a cantrip.
The orc priest looks satisfied for a moment.
You bump into the rock wall.
Something hits you but does no damage. Something hits you.
You bump into the rock wall.
You feel less confused. Something hits you but does no damage.
A magic dart appears from out of thin air!
The magic dart hits you.
* * * LOW HITPOINT WARNING * * *
A magic dart appears from out of thin air!
The magic dart hits you!
* * * LOW HITPOINT WARNING * * *
You see here a giant cockroach corpse.
A magic dart appears from out of thin air!
The magic dart hits you!
You die...

#.#o####.#.###.....
#.#......#.###.####
#.#o............#
#.#...#.#.#.#.#.#
#.#{o...........#
#.#†..#.......#####
#)#................
#.#...#...>...#####
#.@................
###...#.......#.###
#.............#
#####.#.#.#.#<#
###.###.#.#
#.....#..
#####.#.## #.#.#
#.###


You could see 2 orcs.

Vanquished Creatures
  2 adders (D:2)
  4 dart slugs
  2 orcs (D:3)
  An endoplasm (D:1)
  3 giant cockroaches
  2 goblins (D:3)
  4 hobgoblins
  A quokka (D:1)
  4 bats
  4 frilled lizards
  4 kobolds
  5 rats
36 creatures vanquished.

Notes
Turn   | Place    | Note
-------+----------+-------------------------------------------
     0 | D:1      | CowFu the Draconian Monk began the quest for the Orb.
     0 | D:1      | Reached XP level 1. HP: 19/19 MP: 1/1
   152 | D:1      | Reached XP level 2. HP: 24/26 MP: 2/2
   323 | D:1      | Found a faded altar of an unknown god.
   386 | D:1      | Found Huegaa's Book Shop.
   678 | D:2      | Reached skill level 1 in Shields
   678 | D:2      | Reached XP level 3. HP: 19/31 MP: 3/3
   732 | D:2      | You fall into a shaft and drop 1 floor!
   783 | D:3      | Found a transporter.
  1669 | D:3      | HP: 1/33 [something/magic dart (8)]
  1673 | D:3      | Killed from afar by an orc wizard

Illustrated notes

Levels and vault maps discovered:
D:1:      elethiomel_arrival_quiet, layout_rooms, serial_shops, shop,
          shapermc_ecumenical_altar_venn, minmay_misc_feat_rugged,
          minmay_distorted
D:2:      layout_basic
D:3:      gammafunk_steamed_eel, layout_basic, st_stairs_4

Skill      XL: |  1  2  3 |
---------------+----------+-----
Shields        | 1 |  1.4
Dodging        | 3 |  3.1
Fighting       | |  3.7
Polearms       | |  3.7

Action                     || total
---------------------------++-------
  Melee: Spear             ||   153
         Tailslap          ||     8
   Stab: Sleeping          ||     2
 Armour: Skin              ||    95
  Dodge: Dodged            ||    36
  Block: Tower shield      ||    92

Table legend: (Time is in decaauts)
 A = Elapsed time spent in this place.
 B = Non-inter-level travel time spent in this place.
 C = Inter-level travel time spent in this place.
 D = Time resting spent in this place.
 E = Time spent auto-exploring this place.
 F = Levels seen in this place.
 G = Mean time per level.
                   A        B        C        D        E       F      G
               +--------+--------+--------+--------+--------+-----+--------+
         Total |   1726 |   1639 |     87 |      0 |   1271 |   3 |  575.3 |
       Dungeon |   1726 |   1639 |     87 |      0 |   1271 |   3 |  575.3 |
               +--------+--------+--------+--------+--------+-----+--------+

Top non-repeatable levels by time:
     D:2: 835 daAuts
     D:1: 653 daAuts
     D:3: 237 daAuts
